 Dungeon Crawl Stone Soup version 0.21.1-1-g345015f (webtiles) character file.

63 tidbits the Charmwright (level 4, -5/38 HPs)
             Began as a Gnoll Skald on June 22, 2018.
             Was an Initiate of Cheibriados.
             Killed from afar by Ijyb (23 damage)
             ... with a wand of acid (5)
             ... on level 4 of the Dungeon.
             The game lasted 00:03:40 (418 turns).

tidbits the Charmwright (Gnoll Skald)                Turns: 418, Time: 00:03:41

Health: -5/38      AC:  3    Str: 15    XL:     4   Next: 9%
Magic:  0/11       EV: 14    Int: 17    God:    Cheibriados [......]
Gold:   169        SH:  0    Dex: 15    Spells: 2/13 levels left

rFire    . . .     SeeInvis .   a - +0 hand axe
rCold    . . .     Gourm    .   (no shield)
rNeg     . . .     Faith    .   b - +0 leather armour
rPois    .         Spirit   .   (no helmet)
rElec    .         Reflect  .   (no cloak)
rCorr    .         Harm     .   (no gloves)
MR       .....                  (no boots)
Stlth    ++........             (no amulet)
HPRegen  0.12/turn              (no ring)
MPRegen  0.12/turn              (no ring)

@: singing, very slightly contaminated, very slow
A: distributed training, fangs 1, strong nose
a: Bend Time, Renounce Religion


You were on level 4 of the Dungeon.
You worshipped Cheibriados.
Cheibriados was noncommittal.
You were not hungry.

You visited 2 branches of the dungeon, and saw 6 of its levels.

You collected 169 gold pieces.

Inventory:

Hand Weapons
 a - a +0 hand axe (weapon)
Armour
 b - a +0 leather armour (worn)
Scrolls
 f - a scroll of identify {unknown}
 g - a scroll of magic mapping {unknown}
 h - a scroll of remove curse {unknown}
Potions
 e - a potion of curing {unknown}
 i - a potion of invisibility {unknown}
 j - a potion of might {unknown}
Books
 c - a book of Battle

   Spells                             Type                      Level
   a - Infusion                       Charms                       1
   b - Shroud of Golubria             Charms/Translocation         2
   c - Song of Slaying                Charms                       2
   d - Spectral Weapon                Hexes/Charms                 3
   e - Regeneration                   Charms/Necromancy            3
Comestibles
 d - a ration


   Skills:
 + Level 4.6 Fighting
 + Level 1.0 Short Blades
 + Level 1.0 Long Blades
 + Level 4.6 Axes
 + Level 1.0 Maces & Flails
 + Level 1.0 Polearms
 + Level 1.0 Staves
 + Level 1.0 Slings
 + Level 1.0 Bows
 + Level 1.0 Crossbows
 + Level 1.0 Throwing
 + Level 2.7 Armour
 + Level 4.6 Dodging
 + Level 1.0 Stealth
 + Level 1.0 Shields
 + Level 1.0 Unarmed Combat
 + Level 5.0 Spellcasting
 + Level 0.7 Conjurations
 + Level 0.7 Hexes
 + Level 5.4 Charms
 + Level 0.7 Summonings
 + Level 0.7 Necromancy
 + Level 0.7 Translocations
 + Level 0.7 Transmutations
 + Level 0.7 Fire Magic
 + Level 0.7 Ice Magic
 + Level 0.7 Air Magic
 + Level 0.7 Earth Magic
 + Level 0.7 Poison Magic
 + Level 1.1 Invocations
 + Level 1.0 Evocations


You had 2 spell levels left.
You knew the following spells:

 Your Spells              Type           Power        Failure   Level  Hunger
g - Shroud of Golubria    Chrm/Tloc      ##........   8%          2    #......
i - Infusion              Chrm           ###.         1%          1    None
r - Regeneration          Chrm/Necr      ##........   14%         3    ###....
w - Spectral Weapon       Hex/Chrm       ##......     14%         3    ###....
y - Song of Slaying       Chrm           ###.....     2%          2    #......


Dungeon Overview and Level Annotations

Branches:
Dungeon (5/15)             Temple (1/1) D:4

Altars:
Ashenzari
Cheibriados
Elyvilon
Fedhas
Gozag
Okawaru
Qazlal
Sif Muna
Trog
Uskayaw
Zin
The Shining One

Shops:
D:4 (

Annotations:
D:4 Ijyb


Innate Abilities, Weirdness & Mutations

Your experience applies equally to all skills.
You have very sharp teeth.
Your uncanny sense of smell can sniff out nearby items.


Message History

There is a stone staircase leading down here.
You climb downwards.
A jelly comes into view.
There is a stone staircase leading up here.
Casting: Song of Slaying
Confirm with . or Enter, or press ? or * to list all spells.
You draw out your weapon's spirit!
The jelly quivers.
The jelly barely misses you.
You hit the jelly.
Your hands burn!
You bite the jelly.
The jelly is heavily wounded.
Your spectral weapon hits the jelly.
Your spectral weapon is burned by acid!
Your spectral weapon shares its damage with you!
The jelly hits you. The acid corrodes you!
You are splashed with acid!
The acid burns!
You hit the jelly but do no damage. The acid corrodes you!
Your hands burn!
The jelly is heavily wounded.
Your spectral weapon hits the jelly!
Your spectral weapon is burned by acid!
Your spectral weapon shares its damage with you!
The jelly hits you.
* * * LOW HITPOINT WARNING * * *
You are splashed with acid!
The acid burns!
* * * LOW HITPOINT WARNING * * *
You hit the jelly but do no damage.
Your hands burn!
* * * LOW HITPOINT WARNING * * *
The jelly is almost dead.
Your spectral weapon hits the jelly.
You kill the jelly!
Cheibriados appreciates the change of pace.
Your Short Blades skill increases to level 1!
Your Long Blades skill increases to level 1!
Your Maces & Flails skill increases to level 1!
Your Polearms skill increases to level 1!
Your Staves skill increases to level 1!
Your Slings skill increases to level 1!
Your Bows skill increases to level 1!
Your Crossbows skill increases to level 1!
Your Throwing skill increases to level 1!
Your Stealth skill increases to level 1!
Your Shields skill increases to level 1!
Your Unarmed Combat skill increases to level 1!
Your Invocations skill increases to level 1!
Your Evocations skill increases to level 1!
You have reached level 4!
You feel stronger.
Casting: Spectral Weapon
Confirm with . or Enter, or press ? or * to list all spells.
Your skin crawls.
Unknown command.
You climb upwards.
Your summoned ally is left behind.
Your spectral weapon fades away.
There is a stone staircase leading down here.
Unknown command.
Your skin is crawling a little less now.
Your skin stops crawling.
You are no longer corroded.
There is a stone staircase leading up here.
You climb upwards.
There is a stone staircase leading down here.
Unknown command.
Casting: Regeneration
Confirm with . or Enter, or press ? or * to list all spells.
You miscast Regeneration.
You are very lightly contaminated with residual magic.
Strange energies run through your body.
Casting: Regeneration
Confirm with . or Enter, or press ? or * to list all spells.
Your skin crawls.
Your skin is crawling a little less now.
There is an escape hatch in the floor here.
You slide downwards.
The hatch slams shut behind you.
A howler monkey comes into view.
The howler monkey howls!
You hear a shout!
The howler monkey hits you.
A hound comes into view.
The hound barks!
Found five items.
Found a stone staircase leading down.
Casting: Regeneration
Confirm with . or Enter, or press ? or * to list all spells.
You draw out your weapon's spirit!
The howler monkey hits you.
* * * LOW HITPOINT WARNING * * *
An orc comes into view.
Casting: Spectral Weapon
Confirm with . or Enter, or press ? or * to list all spells.
You start singing a song of slaying.
Your skin stops crawling.
You hear a shout!
The howler monkey closely misses you.
Ijyb the Twisted Goblin comes into view.
She is wielding a club.
You hit the howler monkey.
You bite the howler monkey, but do no damage.
The howler monkey is lightly wounded.
The howler monkey hits you.
* * * LOW HITPOINT WARNING * * *
Your spectral weapon barely misses the howler monkey.
Ijyb zaps a wand.
The bolt of acid hits you!
Ouch! That really hurt!
You die...

........#
.......(#
........#
...%....#
........#
.......h#######
......h........
......(@#
#..>.......$...
###.##.........
.. g......... #
...........
##.%........
#..o.......
#..:?:.....


You could see Ijyb, a howler monkey, a hound, an orc and a friendly spectral
hand axe.

Vanquished Creatures
  A jelly (D:5)
  An adder (D:2)
  A shadow imp (D:4)
  A dart slug (D:2)
  2 leopard geckos
  A ball python (D:1)
  A giant cockroach (D:1)
  A quokka (D:2)
  A bat (D:2)
  A frilled lizard (D:1)
  3 kobolds
14 creatures vanquished.

Notes
Turn   | Place    | Note
-------+----------+-------------------------------------------
     0 | D:1      | tidbits the Gnoll Skald began the quest for the Orb.
     0 | D:1      | Reached XP level 1. HP: 20/20 MP: 6/6
   137 | D:2      | Reached XP level 2. HP: 26/26 MP: 4/7
   141 | D:2      | Learned a level 2 spell: Song of Slaying
   144 | D:2      | Learned a level 2 spell: Shroud of Golubria
   182 | D:2      | Reached XP level 3. HP: 29/31 MP: 7/9
   187 | D:2      | Learned a level 3 spell: Regeneration
   191 | D:2      | Learned a level 3 spell: Spectral Weapon
   255 | D:4      | Found Hootiquf's Weapon Emporium.
   291 | D:4      | Reached skill level 5 in Spellcasting
   293 | D:4      | Found a staircase to the Ecumenical Temple.
   302 | Temple   | Entered the Ecumenical Temple
   333 | Temple   | Became a worshipper of Cheibriados the Contemplative
   368 | D:5      | Entered Level 5 of the Dungeon
   372 | D:5      | HP: 2/31 [acid (4)]
   372 | D:5      | Reached skill level 1 in Short Blades
   372 | D:5      | Reached skill level 1 in Long Blades
   372 | D:5      | Reached skill level 1 in Maces & Flails
   372 | D:5      | Reached skill level 1 in Polearms
   372 | D:5      | Reached skill level 1 in Staves
   372 | D:5      | Reached skill level 1 in Slings
   372 | D:5      | Reached skill level 1 in Bows
   372 | D:5      | Reached skill level 1 in Crossbows
   372 | D:5      | Reached skill level 1 in Throwing
   372 | D:5      | Reached skill level 1 in Stealth
   372 | D:5      | Reached skill level 1 in Shields
   372 | D:5      | Reached skill level 1 in Unarmed Combat
   372 | D:5      | Reached skill level 1 in Invocations
   372 | D:5      | Reached skill level 1 in Evocations
   372 | D:5      | Reached XP level 4. HP: 3/38 MP: 7/11
   418 | D:4      | Noticed Ijyb
   418 | D:4      | Killed from afar by Ijyb

Skill      XL: |  1  2  3 |
---------------+----------+-----
Spellcasting   | 5 |  5.0
Short Blades   | 1 |  1.0
Long Blades    | 1 |  1.0
Maces & Flails | 1 |  1.0
Polearms       | 1 |  1.0
Staves         | 1 |  1.0
Slings         | 1 |  1.0
Bows           | 1 |  1.0
Crossbows      | 1 |  1.0
Throwing       | 1 |  1.0
Stealth        | 1 |  1.0
Shields        | 1 |  1.0
Unarmed Combat | 1 |  1.0
Invocations    | 1 |  1.1
Evocations     | 1 |  1.0
Fighting       | |  4.6
Axes           | |  4.6
Armour         | |  2.7
Dodging        | |  4.6
Conjurations   | |  0.7
Hexes          | |  0.7
Charms         | |  5.4
Summonings     | |  0.7
Necromancy     | |  0.7
Translocations | |  0.7
Transmutations | |  0.7
Fire Magic     | |  0.7
Ice Magic      | |  0.7
Air Magic      | |  0.7
Earth Magic    | |  0.7
Poison Magic   | |  0.7

Action                   |  1- 3 |  4- 6 || total
-------------------------+-------+-------++-------
Melee: Hand axe          |    47 |     1 ||    48
       Bite              |     7 |     1 ||     8
 Cast: Infusion          |     4 |       ||     4
       Song of Slaying   |     2 |     1 ||     3
       Spectral Weapon   |     1 |     1 ||     2
       Regeneration      |       |     2 ||     2
  Use: Scroll            |     1 |       ||     1
       Potion            |     2 |       ||     2
Armor: Leather armour    |    10 |       ||    10
Dodge: Dodged            |    37 |     1 ||    38

Table legend:
 A = Turns spent in this place as a percentage of turns spent in the entire game.
 B = Non-inter-level travel turns spent in this place as a percentage of non-inter-level travel turns spent in the entire game.
 C = Inter-level travel turns spent in this place as a percentage of turns spent in this place.
 D = Turns resting spent in this place as a percentage of non-inter-level travel turns spent in this place.
 E = Turns spent auto-exploring this place as a percentage of non-inter-level travel turns spent in this place.
 F = Non-inter-level travel turns spent in this place divided by the number of levels of this place that you've seen.
                   A       B       C       D       E      F
               +-------+-------+-------+-------+-------+----------------------
         Total | 100.0 | 100.0 |   2.4 |   0.0 |   0.0 |  68.0
       Dungeon |  89.7 |  91.9 |   0.0 |   0.0 |   0.0 |  75.0
        Temple |  10.3 |   8.1 |  23.3 |   0.0 |   0.0 |  33.0
               +-------+-------+-------+-------+-------+----------------------

Table legend:
 A = Kills in this place as a percentage of kills in entire the game.
 B = Kills by you in this place as a percentage of kills by you in the entire game.
 C = Kills by friends in this place as a percentage of kills by friends in the entire game.
 D = Other kills in this place as a percentage of other kills in the entire game.
 E = Experience gained in this place as a percentage of experience gained in the entire game.
 F = Experience gained in this place divided by the number of levels of this place that you have seen.
                   A       B       C       D       E      F
               +-------+-------+-------+-------+-------+----------------------
         Total | 100.0 | 100.0 |   N/A |   N/A | 100.0 |  15.0
       Dungeon | 100.0 | 100.0 |   N/A |   N/A | 100.0 |  18.0
               +-------+-------+-------+-------+-------+----------------------

Vault maps used:
D:1:      sevenhm_arrival_forest_fort_large_3
D:3:      hex_intersection, nemelex_lonely_heart_becter
D:4:      minmay_temple_entry_overgrown, serial_shops, shop_coins, first_ration,
          uniq_ijyb
D:5:      serial_shops, nicolae_shop_waterfront, basic_altar, uniq_pikel
Temple:   regret_index_temple_chain_breaker
